 Dungeon Crawl Stone Soup version 0.30-a0-305-g026cb31310 (webtiles) character file.

Game seed: 4733517052914841382

382 McGhostyFace the Poker (level 6, -2/51 HPs)
             Began as a Gnoll Reaver on Oct 23, 2022.
             Shot with an arrow by a centaur (7 damage)
             ... on level 4 of the Dungeon.
             The game lasted 00:04:37 (2349 turns).

McGhostyFace the Poker (Gnoll Reaver)               Turns: 2349, Time: 00:04:38

Health: -2/51      AC:  4    Str: 11    XL:     6   Next: 76%
Magic:  14/14      EV: 13    Int: 14    God:
Gold:   220        SH:  0    Dex: 11    Spells: 12/15 levels left

rFire   . . .      SeeInvis .    m - +0 trident (vorpal)
rCold   . . .      Faith    .    (no shield)
rNeg    + . .      Spirit   .    b - +0 leather armour
rPois   .          Reflect  .    h - +0 helmet
rElec   .          Harm     .    (no cloak)
rCorr   .          Rampage  .    (no gloves)
Will    .....                    (no boots)
Stlth   ++........               e - amulet of magic regeneration
HPRegen 0.28/turn                p - ring of positive energy
MPRegen 0.54/turn                (no ring)

@: lethally poisoned (-2 -> -3), weak-willed
A: fangs 1, strong nose, distributed training
a: no special abilities


You were on level 4 of the Dungeon.
You visited 1 branch of the dungeon, and saw 4 of its levels.

You collected 220 gold pieces.

Inventory:

Hand Weapons
 a - a +0 spear
 m - a +0 vorpal trident (weapon)
Missiles
 k - 3 poisoned darts (quivered)
Armour
 b - a +0 leather armour (worn)
 h - a +0 helmet (worn)
Jewellery
 e - an amulet of magic regeneration (around neck)
 p - a ring of positive energy (left hand)
Scrolls
 c - a scroll of teleportation
 f - a scroll of silence
Potions
 d - a potion of ambrosia {unknown}
 i - a potion of mutation {unknown}
 j - 3 potions of curing {unknown}
 l - a potion of flight {unknown}
 q - a potion of might {unknown}


   Skills:
 + Level 5.1 Fighting
 + Level 2.2 Short Blades
 + Level 2.2 Long Blades
 + Level 2.2 Axes
 + Level 2.2 Maces & Flails
 + Level 6.9 Polearms
 + Level 2.2 Staves
 + Level 2.2 Ranged Weapons
 + Level 2.2 Throwing
 + Level 2.2 Armour
 + Level 5.1 Dodging
 + Level 2.2 Stealth
 + Level 2.2 Shields
 + Level 2.2 Unarmed Combat
 + Level 5.4 Spellcasting
 + Level 5.7 Conjurations
 + Level 1.7 Hexes
 + Level 1.7 Summonings
 + Level 1.7 Necromancy
 + Level 1.7 Translocations
 + Level 1.7 Transmutations
 + Level 1.7 Fire Magic
 + Level 1.7 Ice Magic
 + Level 1.7 Air Magic
 + Level 1.7 Earth Magic
 + Level 1.7 Poison Magic
 + Level 2.4 Invocations
 + Level 2.2 Evocations


You had 12 spell levels left.
You knew the following spells:

 Your Spells              Type           Power      Damage    Failure   Level
a - Kiss of Death         Conj/Necr      56%        2d9       4%          1
b - Momentum Strike       Conj/Tloc      28%        3d8       7%          2

Your spell library contained the following spells:

 Spells                   Type           Power      Damage    Failure   Level
 Hailstorm                Conj/Ice       14%        3d5       14%         3
 Ensorcelled Hibernation  Hex/Ice        16%        N/A       16%         2
 Spider Form              Tmut/Pois      8%         N/A       32%         3
 Anguish                  Hex/Necr       4%         N/A       71%         4


Dungeon Overview and Level Annotations

Branches:
Dungeon (4/15)
 Temple: D:4-7

Altars:


Innate Abilities, Weirdness & Mutations

You have very sharp teeth.
Your uncanny sense of smell can sniff out nearby items.
Your experience applies equally to all skills.


Message History

The ball python misses you. The ball python grabs you.
The ball python constricts you.
You closely miss the ball python.
The ball python bites you but does no damage.
The ball python constricts you.
You hit the ball python.
You kill the ball python!
Things that are here:
11 gold pieces; a ball python corpse You miss the adder.
You bite the adder, but do no damage. The adder bites you but does no damage.
The adder closely misses you.
You barely miss the adder. The adder misses you.
A centaur comes into view.
You hit the adder.
The adder is moderately wounded.
The centaur wields a +0 shortbow.
The centaur shoots an arrow.
The arrow hits you! The adder bites you.
You are poisoned.
The adder poisons you!
You hit the adder but do no damage. Your bite misses the adder.
The adder is moderately wounded.
You feel sick. The adder barely misses you.
You hit the adder but do no damage.
The adder is moderately wounded.
You feel sick.
The centaur shoots an arrow.
The arrow closely misses you. The adder misses you.
The centaur shoots an arrow.
The arrow hits you! The adder barely misses you.
You closely miss the adder.
The adder is moderately wounded.
You feel sick.
The centaur shoots an arrow.
The arrow barely misses you. The adder misses you.
You hit the adder. You punch the adder.
The adder is almost dead.
The adder barely misses you.
The centaur shoots an arrow.
The arrow hits you!
* * * LOW HITPOINT WARNING * * *
You closely miss the adder.
The adder is almost dead.
You feel sick. The adder completely misses you.
The centaur shoots an arrow.
The arrow hits you!
You die...

..... ##...∆ .#...
###...# ###.....
##.....##..#....
.###....#.........
................# .
..........#....##...
.........####S......
.......†..c.@....#
............##..##
...................
............#...##..
......#.#...#.......
.......##....>.....
......# #..........
##.... #..........
#... ...........


You could see a centaur and an adder.

Vanquished Creatures
  Sigmund (D:2)
  3 hounds
  Jessica (D:2)
  Robin (D:2)
  2 adders (D:3)
  A worm (D:2)
  A dart slug (D:1)
  3 orcs (D:3)
  5 bats
  An endoplasm (D:1)
  2 giant cockroaches (D:3)
  17 goblins
  5 hobgoblins
  3 jackals (D:1)
  A kobold (D:3)
  2 quokkas (D:1)
  4 ball pythons
  4 frilled lizards
  3 rats
60 creatures vanquished.

Vanquished Creatures (others)
  Terence (D:2)
1 creature vanquished.

Grand Total: 61 creatures vanquished

Notes
Turn   | Place    | Note
-------+----------+-------------------------------------------
     0 | D:1      | McGhostyFace the Gnoll Reaver began the quest for the Orb.
     0 | D:1      | Reached XP level 1. HP: 20/20 MP: 6/6
   146 | D:1      | Reached XP level 2. HP: 24/26 MP: 7/7
   836 | D:2      | Reached skill level 5 in Spellcasting
   836 | D:2      | Reached XP level 3. HP: 21/31 MP: 7/9
   891 | D:2      | Noticed Sigmund
   913 | D:2      | Killed Sigmund
   914 | D:2      | Reached skill level 1 in Short Blades
   914 | D:2      | Reached skill level 1 in Long Blades
   914 | D:2      | Reached skill level 1 in Axes
   914 | D:2      | Reached skill level 1 in Maces & Flails
   914 | D:2      | Reached skill level 1 in Staves
   914 | D:2      | Reached skill level 1 in Ranged Weapons
   914 | D:2      | Reached skill level 1 in Throwing
   914 | D:2      | Reached skill level 1 in Armour
   914 | D:2      | Reached skill level 1 in Stealth
   914 | D:2      | Reached skill level 1 in Shields
   914 | D:2      | Reached skill level 1 in Unarmed Combat
   914 | D:2      | Reached skill level 1 in Hexes
   914 | D:2      | Reached skill level 1 in Summonings
   914 | D:2      | Reached skill level 1 in Necromancy
   914 | D:2      | Reached skill level 1 in Translocations
   914 | D:2      | Reached skill level 1 in Transmutations
   914 | D:2      | Reached skill level 1 in Fire Magic
   914 | D:2      | Reached skill level 1 in Ice Magic
   914 | D:2      | Reached skill level 1 in Air Magic
   914 | D:2      | Reached skill level 1 in Earth Magic
   914 | D:2      | Reached skill level 1 in Poison Magic
   914 | D:2      | Reached skill level 1 in Invocations
   914 | D:2      | Reached skill level 1 in Evocations
   914 | D:2      | Reached XP level 4. HP: 19/38 MP: 11/11
   914 | D:2      | Reached XP level 5. HP: 22/43 MP: 12/12
  1175 | D:2      | Noticed Jessica
  1194 | D:2      | Killed Jessica
  1195 | D:2      | Reached XP level 6. HP: 33/50 MP: 13/13
  1292 | D:2      | Noticed Terence
  1298 | D:2      | Learned a level 2 spell: Momentum Strike
  1302 | D:2      | Killed Terence
  1363 | D:2      | Noticed Robin
  1398 | D:2      | Killed Robin
  1714 | D:3      | Reached skill level 5 in Fighting
  1714 | D:3      | Reached skill level 5 in Dodging
  2349 | D:4      | Shot with an arrow by a centaur

Illustrated notes

Levels and vault maps discovered:
D:1:      lightli_arrival_statuegarden, layout_loops_ring
D:2:      layout_rooms, uniq_jessica, uniq_terence, uniq_sigmund, uniq_robin
D:3:      layout_rooms, guppyfry_early_orc_mine
D:4:      layout_cave_pools, minmay_temple_entry_tees, portal_sewer_entry_b,
          minmay_quantized

Skill      XL: |  1  2  3  4  5  6 |
---------------+-------------------+-----
Spellcasting   | 5 |  5.4
Short Blades   | 1 2 |  2.2
Long Blades    | 1 2 |  2.2
Axes           | 1 2 |  2.2
Maces & Flails | 1 2 |  2.2
Staves         | 1 2 |  2.2
Ranged Weapons | 1 2 |  2.2
Throwing       | 1 2 |  2.2
Armour         | 1 2 |  2.2
Stealth        | 1 2 |  2.2
Shields        | 1 2 |  2.2
Unarmed Combat | 1 2 |  2.2
Hexes          | 1 |  1.7
Summonings     | 1 |  1.7
Necromancy     | 1 |  1.7
Translocations | 1 |  1.7
Transmutations | 1 |  1.7
Fire Magic     | 1 |  1.7
Ice Magic      | 1 |  1.7
Air Magic      | 1 |  1.7
Earth Magic    | 1 |  1.7
Poison Magic   | 1 |  1.7
Invocations    | 1 2 |  2.4
Evocations     | 1 2 |  2.2
Fighting       | 5 |  5.1
Dodging        | 5 |  5.1
Polearms       | |  6.9
Conjurations   | |  5.7

Action                   |  1- 3 |  4- 6 || total
-------------------------+-------+-------++-------
Melee: Spear             |   106 |    19 ||   125
       Bite              |    10 |    11 ||    21
       Punch             |       |     2 ||     2
       Trident           |       |   112 ||   112
Throw: Dart              |     3 |       ||     3
 Cast: Kiss of Death     |     1 |       ||     1
       Momentum Strike   |       |     1 ||     1
  Use: Scroll            |       |     5 ||     5
 Stab: Distracted        |       |     1 ||     1
Armor: Leather armour    |    19 |    39 ||    58
Dodge: Dodged            |    47 |    87 ||   134

Table legend: (Time is in decaauts)
 A = Elapsed time spent in this place.
 B = Non-inter-level travel time spent in this place.
 C = Inter-level travel time spent in this place.
 D = Time resting spent in this place.
 E = Time spent auto-exploring this place.
 F = Levels seen in this place.
 G = Mean time per level.
                   A        B        C        D        E       F      G
               +--------+--------+--------+--------+--------+-----+--------+
         Total |   2313 |   2213 |    100 |    380 |   1359 |   4 |  578.2 |
       Dungeon |   2313 |   2213 |    100 |    380 |   1359 |   4 |  578.2 |
               +--------+--------+--------+--------+--------+-----+--------+

Top non-repeatable levels by time:
     D:2: 912 daAuts
     D:1: 751 daAuts
     D:3: 581 daAuts
     D:4: 68 daAuts
